 Dungeon Crawl Stone Soup version 0.30-a0-568-g124715a40b (webtiles) character file.

Game seed: 8839934036475312539

1994 brightshaft the Grappler (level 9, 0/132 HPs)
             Began as a Troll Berserker on Dec 28, 2022.
             Was a Priest of Trog.
             Slain by an orc warrior
             ... wielding a +0 hand axe
              (4 damage)
             ... in a bailey.
             The game lasted 00:06:32 (4122 turns).

brightshaft the Grappler (Troll Berserker)          Turns: 4122, Time: 00:06:33

Health: 0/132      AC:  6    Str: 31    XL:     9   Next: 1%
Magic:  8/8        EV: 11    Int:  5    God:    Trog [***...]
Gold:   394        SH:  0    Dex: 12    Spells: 8/8 levels left

rFire   . . .      SeeInvis .      - Unarmed
rCold   . . .      Faith    .    (no shield)
rNeg    . . .      Spirit   .    a - +0 animal skin
rPois   +          Reflect  .    (helmet restricted)
rElec   .          Harm     .    k - +1 cloak
rCorr   .          Rampage  .    (gloves unavailable)
Will    +++..                    (boots unavailable) Stlth
                                 (no amulet)
HPRegen 2.22/turn                h - ring of poison resistance
MPRegen 0.11/turn                b - ring of Sitifumn {Will+ Int+2 Dex+3}

@: berserking, strong-willed, regenerating, very quick
A: large, unfitting armour, claws 3, regeneration 1, shaggy fur 1, tough skin 1
a: Renounce Religion, Berserk, Trog's Hand


You were in a bailey.
You worshipped Trog.
Trog was most pleased with you.
You visited 1 branch of the dungeon, and saw 7 of its levels.
You also visited: Bailey.

You collected 394 gold pieces.

Inventory:

Missiles
 s - 4 large rocks (quivered)
 t - 6 boomerangs
 v - 7 poisoned darts
Armour
 a - a +0 animal skin (worn)
 k - a +1 cloak (worn)
 q - a scarf of resistance
Jewellery
 b - the ring of Sitifumn (right claw) {Will+ Int+2 Dex+3}
   (You acquired it on level 2 of the Dungeon)

   [ring of willpower]

   Int:       It affects your intelligence (+2).
   Dex:       It affects your dexterity (+3).
   Will:      It increases your willpower.
 h - a ring of poison resistance (left claw)
 p - a +4 ring of protection
Scrolls
 d - a scroll of immolation {unknown}
 e - 6 scrolls of teleportation {@r4}
 i - 9 scrolls of identify {@r1}
 j - 2 scrolls of fog
 l - a scroll of magic mapping
 m - 3 scrolls of blinking
 o - a scroll of fear
Potions
 c - 3 potions of flight
 f - 3 potions of heal wounds {unknown}
 g - 3 potions of brilliance {unknown}
 n - 3 potions of resistance {unknown}
 r - a potion of magic {unknown}
 u - a potion of curing {unknown}


   Skills:
 + Level 5.4 Fighting
 + Level 5.4 Dodging
 * Level 8.9 Unarmed Combat


You had 8 spell levels left.
You didn't know any spells.
Your spell library was empty.

Dungeon Overview and Level Annotations

Branches:
Dungeon (7/15)             Temple (0/1) D:7          Bailey (1/1)

Altars:
Gozag


Innate Abilities, Weirdness & Mutations

You are too large for most types of armour.
You have claws for hands.
Your natural rate of healing is unusually fast.
You are covered in fur. (AC +1)
You have tough skin. (AC +1)


Message History

The human hits you with a +2 heavy hand axe!
You barely miss the human.
The human is lightly wounded.
The orc warrior hits you with a +0 hand axe!
You scratch the human but do no damage.
The human is lightly wounded.
The orc warrior hits you with a +0 hand axe.
* * * LOW HITPOINT WARNING * * *
The human barely misses you.
You scratch the human but do no damage.
The human is lightly wounded.
The orc warrior barely misses you.
Your skin crawls.
You feel strong-willed.
The human hits you with a +2 heavy hand axe.
The orc warrior hits you with a +0 hand axe!
* * * LOW HITPOINT WARNING * * *
You scratch the human but do no damage.
The human is lightly wounded.
The orc warrior closely misses you.
The human hits you with a +2 heavy hand axe!
* * * LOW HITPOINT WARNING * * *
A red film seems to cover your vision as you go berserk!
You feel yourself moving faster!
You feel mighty!
The orc warrior hits you with a +0 hand axe.
* * * LOW HITPOINT WARNING * * *
You mangle the human!!
The human is almost dead.
The human hits you with a +2 heavy hand axe.
* * * LOW HITPOINT WARNING * * *
You closely miss the human.
The human is almost dead.
The orc warrior barely misses you.
You scratch the human.
The human is almost dead.
You mangle the human!!
You kill the human!
Trog accepts your kill.
The orc warrior hits you with a +0 hand axe.
You die...

### ..#
##..# #...#
#...# #...##
#)o..#
#+#@#..o...
##...##....#
#.....# ####
#.∩.∩.#
#.....#
##...##
#####


You could see an orc warrior.

Vanquished Creatures
  A troll (D:6)
  Sigmund (D:2)
  2 humans (Bailey)
  A wyvern (D:7)
  A water moccasin (D:5)
  A black bear (D:6)
  2 sky beasts
  A centaur (D:6)
  A phantom (D:6)
  A kobold brigand (D:6)
  2 scorpions
  2 bullfrogs
  A necrophage (D:6)
  2 howler monkeys (D:5)
  2 jellies
  A hound (D:6)
  Crazy Yiuf (D:3)
  2 iguanas
  Robin (D:3)
  3 gnolls
  7 adders
  A shadow imp (D:7)
  An ufetubus (D:6)
  2 dart slugs (D:1)
  11 orcs
  9 endoplasms
  3 giant cockroaches
  19 goblins
  6 hobgoblins
  4 jackals
  3 quokkas
  4 ball pythons
  4 bats
  3 frilled lizards
  6 kobolds
  2 rats (D:2)
114 creatures vanquished.

Notes
Turn   | Place    | Note
-------+----------+-------------------------------------------
     0 | D:1      | brightshaft the Troll Berserker began the quest for the
                  | Orb.
     0 | D:1      | Reached XP level 1. HP: 22/22 MP: 0/0
   125 | D:1      | Reached XP level 2. HP: 29/29 MP: 1/1
   157 | D:1      | Found a faded altar of an unknown god.
   395 | D:1      | Reached XP level 3. HP: 35/36 MP: 2/2
   682 | D:1      | Reached ** piety under Trog
   822 | D:2      | Identified a scroll of acquirement
   822 | D:2      | Acquired the ring of Sitifumn {Will+ Int+2 Dex+3}
   872 | D:2      | Reached skill level 4 in Unarmed Combat
   944 | D:2      | Noticed Sigmund
   953 | D:2      | Killed Sigmund
   954 | D:2      | Reached skill level 5 in Unarmed Combat
   954 | D:2      | Reached XP level 4. HP: 29/45 MP: 3/3
   954 | D:2      | Reached XP level 5. HP: 34/53 MP: 4/4
  1202 | D:3      | Found an opulent altar of Gozag.
  1264 | D:3      | Noticed Robin
  1300 | D:3      | Killed Robin
  1531 | D:3      | Reached XP level 6. HP: 58/61 MP: 5/5
  1568 | D:3      | Found a runed translucent door.
  1569 | D:3      | Noticed Crazy Yiuf
  1671 | D:3      | Killed Crazy Yiuf
  2417 | D:5      | Entered Level 5 of the Dungeon
  2558 | D:5      | You fall into a shaft and drop 1 floor!
  2567 | D:6      | Noticed a troll
  2573 | D:6      | Killed a troll
  2574 | D:6      | Reached skill level 6 in Unarmed Combat
  2574 | D:6      | Reached XP level 7. HP: 68/68 MP: 6/6
  3215 | D:6      | Reached skill level 7 in Unarmed Combat
  3247 | D:6      | Reached XP level 8. HP: 67/79 MP: 7/7
  3275 | D:6      | Reached *** piety under Trog
  3351 | D:6      | Reached skill level 8 in Unarmed Combat
  3541 | D:6      | Reached skill level 5 in Fighting
  3541 | D:6      | Reached skill level 5 in Dodging
  3776 | D:7      | Found a staircase to the Ecumenical Temple.
  4083 | D:7      | Found a flagged portal.
  4091 | Bailey   | Entered a bailey
  4102 | Bailey   | Reached XP level 9. HP: 64/88 MP: 8/8
  4118 | Bailey   | HP: 6/132 [orc warrior/+0 hand axe (6)]
  4119 | Bailey   | HP: 1/132 [human/+2 heavy hand axe (6)]
  4122 | Bailey   | Slain by an orc warrior

Illustrated notes

Levels and vault maps discovered:
D:1:      nicolae_arrival_memento_mori, layout_basic,
          hellmonk_ecumenical_altar_crossroads
D:2:      layout_basic, minmay_tiny_reverse_x, uniq_sigmund
D:3:      layout_rooms, grunt_gozag_statues, uniq_crazy_yiuf_cottage, uniq_robin
D:4:      layout_cave_pods
D:5:      layout_basic
D:6:      layout_basic, minivault_5
D:7:      layout_cave_pods, minmay_temple_entry_junction_2, enter_bailey_3
Bailey:   bailey_axe_froggy_fort_hellmonk, bailey

Skill      XL: |  1  2  3  4  5  6  7  8 |
---------------+-------------------------+-----
Unarmed Combat | 5 6 7 8 |  8.9
Fighting       | 3 4 5 |  5.4
Dodging        | 3 4 5 |  5.4

Action                   |  1- 3 |  4- 6 |  7- 9 || total
-------------------------+-------+-------+-------++-------
Melee: Unarmed           |    83 |    98 |   124 ||   305
       Punch             |     1 |     2 |     2 ||     5
Invok: Berserk           |       |     3 |     1 ||     4
       Trog's Hand       |       |     1 |     1 ||     2
  Use: Scroll            |     6 |     5 |       ||    11
 Stab: Distracted        |     1 |       |     1 ||     2
       Sleeping          |     1 |     1 |       ||     2
Armor: Animal skin       |    25 |    29 |    29 ||    83
Dodge: Dodged            |    55 |    51 |    61 ||   167

Table legend: (Time is in decaauts)
 A = Elapsed time spent in this place.
 B = Non-inter-level travel time spent in this place.
 C = Inter-level travel time spent in this place.
 D = Time resting spent in this place.
 E = Time spent auto-exploring this place.
 F = Levels seen in this place.
 G = Mean time per level.
                   A        B        C        D        E       F      G
               +--------+--------+--------+--------+--------+-----+--------+
         Total |   4107 |   3953 |    154 |      0 |   3188 |   8 |  513.4 |
       Dungeon |   4081 |   3927 |    154 |      0 |   3186 |   7 |  583.0 |
        Bailey |     26 |     26 |      0 |      0 |      2 |   1 |   26.0 |
               +--------+--------+--------+--------+--------+-----+--------+

Top non-repeatable levels by time:
     D:1: 708 daAuts
     D:6: 707 daAuts
     D:4: 676 daAuts
     D:5: 644 daAuts
     D:3: 627 daAuts
     D:2: 402 daAuts
     D:7: 315 daAuts
  Bailey: 26 daAuts
